AoeStats
← David Citrouille

Arena

505217101Analyzed
1v1 RM · 25d ago on Sep 8, 2026· 20m 38s· 2 players
Game mode
Random Map
Map size
Tiny (2 player)
Population
200
Speed
Normal
Resources
Standard
Victory
Conquest
Starting age
Dark Age
Ending age
Imperial Age
RankedLock teamsTeams togetherTeam positionsShared explorationLock speedFull tech treeHidden civsTurbo modeCheats
Victory
Defeat
🇫🇷 Burmese · France
1275
+41
🇭🇺 Cumans · Hungary
1303
-17
David Citrouille
9:37 Feudal Age
13:46 Castle Age
12:30 Padded Archer Armor
15:12 Loom
SamSquanch
8:24 Feudal Age
9:05 Double-Bit Axe
9:00 Horse Collar
14:43 Wheelbarrow
17:55 Bloodlines
20:00 Scale Barding Armor
Connection lost

Rejoining the realm…

Still unreachable

The connection could not be restored.

Session expired

The server has moved on; the page needs a fresh start.